Map: Heavy Artillery LE

Players

Massa

  • Race: Terran Terran
  • League: Platinum
  • Spawn Location: 3:00

qqq

  • Race: Zerg Zerg
  • League: Platinum
  • Spawn Location: 1:00

Pommesgabel - Winner!

  • Race: Terran Terran
  • Spawn Location: 7:00

Xophy - Winner!

  • Race: Protoss Protoss
  • League: Gold
  • Spawn Location: 7:00

VOD

Have the link to the VOD?

Description

Time

  • Played on: Nov. 20, 2020, 4:08 p.m.
  • Length: 18:51
Show
View Real Time Build Order
Export as new Build Order

Massa Terran 

Build Orders: Gas First Reaper Expand 

Get SALT Encoding   

  12  0:00  SCV  
  13  0:12  SCV  
  14  0:24  SCV  
  14  0:25  Supply Depot  
  15  0:31  Refinery  
  15  0:47  SCV  
  15  0:48  Barracks  
  16  0:59  SCV  
  17  1:11  SCV  
  18  1:23  SCV  
  19  1:34  Command Center  
  19  1:35  Reaper  
  20  1:40  SCV  
  20  1:46  Supply Depot  
  21  1:52  SCV  
  22  2:07  Marine  
  23  2:08  Factory  
  23  2:13  Supply Depot  
  23  2:17  SCV  
  24  2:28  Barracks Reactor  
  24  2:31  Orbital Command  
  24  2:50  Orbital Command  
  24  3:04  Barracks  
  24  3:06  Supply Depot  
  24  3:14  Hellion x2  
  24  3:15  SCV  
  24  3:17  SCV  
  31  3:27  SCV  
  30  3:35  Barracks Tech Lab, Hellion x2  
  34  3:46  SCV x2  
  36  3:50  Refinery  
  36  3:51  Engineering Bay  
  36  3:57  Widow Mine x2, Stimpack  
  36  3:58  SCV x2  
  42  4:10  SCV  
  39  4:50  Marauder, Marine  
  42  4:56  Starport  
  40  5:09  Barracks Tech Lab  
  40  5:10  Command Center  
  40  5:11  Marauder  
  35  5:34  SCV x2, Missile Turret  
  35  5:36  Missile Turret  
  35  5:37  Combat Shield  
  35  5:40  Marauder x2  
  39  5:43  Widow Mine  
  39  5:44  Widow Mine  
  39  5:46  SCV x2  
  45  5:50  Missile Turret x2  
  45  5:53  Missile Turret x2  
  45  6:00  Marine  
  45  6:01  Marine  
  47  6:05  Widow Mine  
  47  6:07  Refinery  
  47  6:11  Command Center  
  49  6:15  SCV x2  
  51  6:18  Marine  
  51  6:19  Marauder  
  54  6:27  SCV  
  55  6:36  Marine  
  56  6:46  Starport Reactor  
  56  6:56  Widow Mine  
  56  6:57  Widow Mine  
  56  6:59  Marine x2  
  62  7:15  Factory  
  62  7:16  Marine  
  62  7:17  Marine  
  62  7:19  Factory  
  64  7:24  Concussive Shells  
  64  7:25  Barracks  
  64  7:27  Barracks  
  64  7:30  SCV  
  64  7:31  SCV  
  64  7:34  Marine x2  
  68  7:39  Refinery  
  68  7:43  SCV x2  
  70  7:46  Terran Infantry Weapons Level 1  
  70  7:50  Armory  
  70  7:51  Orbital Command  
  70  7:52  Marine x2  
  70  7:55  SCV x2  
  74  7:59  Widow Mine  
  74  8:00  Widow Mine, Factory Tech Lab  
  74  8:05  Factory Tech Lab  
  78  8:07  SCV, Viking  
  78  8:08  Viking  
  78  8:10  Marine  
  84  8:17  Barracks Reactor x2  
  84  8:21  Widow Mine  
  84  8:27  SCV x3  
  88  8:30  Refinery  
  88  8:31  Refinery  
  89  8:39  SCV x2  
  91  8:49  SCV  
  91  8:52  Planetary Fortress  
  92  9:06  Drilling Claws  
  92  9:15  Supply Depot  
  92  9:16  Supply Depot  
  92  9:24  Starport  
  92  9:36  SCV x2, Cyclone x2  
  92  9:37  SCV, Viking x2  
  105  9:39  Supply Depot  
  105  9:42  Supply Depot  
  105  9:43  Terran Infantry Armor Level 1  
  105  9:48  SCV  
  105  9:49  Starport, SCV  
  103  10:07  Viking x2  
  103  10:08  Siege Tank  
  103  10:10  SCV  
  103  10:11  SCV x3  
  114  10:22  SCV  
  114  10:23  SCV x3  
  114  10:26  Starport Tech Lab, Starport Reactor  
  118  10:31  Siege Tank  
  118  10:34  Widow Mine, SCV  
  124  10:45  Command Center  
  124  10:54  Supply Depot  
  124  10:56  Supply Depot  
  124  10:57  Supply Depot  
  124  11:16  Widow Mine, SCV x3, Siege Tank  
  124  11:17  SCV, Siege Tank, Viking x2, Supply Depot  
  140  11:18  Supply Depot  
  140  11:20  Supply Depot  
  140  11:21  Engineering Bay  
  140  11:22  Supply Depot  
  140  11:23  Armory  
  140  11:24  Terran Vehicle And Ship Armor Level 1  
  138  11:28  SCV x3  
  138  11:29  SCV  
  138  11:31  Medivac x2  
  146  11:33  Viking  
  148  11:40  SCV, Supply Depot  
  148  11:41  Refinery  
  148  11:43  Refinery  
  149  11:47  Viking, Medivac  
  149  11:48  Siege Tank  
  149  11:49  Siege Tank  
  149  11:53  Supply Depot x2  
  159  11:58  Orbital Command  
  159  12:01  SCV x3, Medivac  
  164  12:15  Supply Depot  
  164  12:16  Supply Depot  
  164  12:20  Thor  
  164  12:21  Thor  
  176  12:36  Marauder x2, Marine  
  181  12:38  Supply Depot x2  
  181  12:57  Marauder x2  
  183  13:02  Marine x2  
  183  13:03  Marine x2  
  166  13:05  Thor x2  
  166  13:06  Supply Depot  
  178  13:19  Marauder x2  
  182  13:20  Marine x4  
  186  13:33  Terran Vehicle And Ship Armor Level 2, Terran Vehicle Weapons Level 1  
  186  13:34  Terran Infantry Armor Level 2, Terran Infantry Weapons Level 2  
  186  13:38  Marine x3  
  186  13:40  Marauder x2  
  193  13:48  Thor  
  181  14:41  Barracks x2  
  181  14:43  Barracks x3  
  181  14:45  Barracks, Factory  
  181  14:46  Factory  
  144  15:29  Widow Mine x2  
  144  15:31  Factory Tech Lab, Factory x2  
  144  15:35  Barracks Reactor x3, Barracks Tech Lab x3  
  119  15:36  Marauder x2, Marine  
  119  15:37  Marine x3  
  119  15:42  Factory Tech Lab  
  101  15:49  Viking x3  
  105  15:50  Supply Depot  
  105  15:51  Supply Depot  
  105  15:54  Marine x2  
  105  15:55  Marine x2  
  105  15:56  Thor  
  99  16:00  Marauder  
  93  16:12  Marine x2  
  93  16:14  Supply Depot  
  93  16:15  Supply Depot  
  83  16:19  Thor  
  83  16:21  Factory Tech Lab x2  
  75  16:39  Thor  
  71  16:40  Supply Depot  
  71  16:43  Marine x2  
  71  16:44  Marine  
  76  17:01  Marine x3  
  67  17:02  Thor x2  
  67  17:03  Thor  
  78  17:18  Marine  
  78  17:19  Marine  
  75  17:36  Orbital Command, Marine x2  
  67  17:38  SCV  
  68  17:50  SCV  
  71  18:02  SCV  
  71  18:04  SCV  
  71  18:14  SCV  
  71  18:15  Armory  
  71  18:16  SCV  
  73  18:26  SCV  
  74  18:28  SCV  
Show
View Real Time Build Order
Export as new Build Order

qqq Zerg 

Build Orders: Hatch First 

Get SALT Encoding   

  12  0:00  Drone  
  13  0:08  Drone  
  14  0:23  Overlord  
  14  0:44  Hatchery  
  13  1:00  Drone x3  
  16  1:15  Drone  
  17  1:19  Spawning Pool  
  17  1:21  Extractor  
  17  1:23  Drone  
  16  1:35  Drone  
  17  1:47  Drone  
  18  2:00  Drone  
  19  2:01  Drone  
  19  2:08  Extractor  
  19  2:10  Drone  
  19  2:11  Queen  
  19  2:12  Queen  
  19  2:14  Drone  
  25  2:20  Drone  
  25  2:22  Drone  
  27  2:26  Overlord  
  27  2:30  Metabolic Boost  
  27  2:59  Drone x3  
  27  3:02  Drone  
  27  3:03  Extractor, Drone  
  27  3:05  Drone  
  32  3:17  Drone  
  32  3:19  Drone  
  34  3:26  Hatchery, Lair  
  33  3:28  Zergling x4  
  33  3:29  Zergling x2  
  36  3:42  Pneumatized Carapace  
  36  3:47  Overlord x3  
  36  4:05  Drone x2  
  36  4:06  Drone x4  
  42  4:24  Drone  
  43  4:36  Hatchery  
  43  4:38  Drone, Overlord  
  43  4:39  Spire  
  43  4:45  Drone x2  
  44  4:47  Drone  
  45  4:53  Drone x2  
  47  5:02  Queen  
  47  5:05  Overseer  
  49  5:08  Drone x3  
  49  5:14  Zergling x4  
  54  5:28  Spore Crawler  
  54  5:31  Spore Crawler  
  54  5:33  Extractor x2, Drone x3  
  54  5:34  Queen  
  55  5:38  Spore Crawler  
  48  5:50  Drone x6  
  53  5:57  Drone  
  53  6:00  Mutalisk x3  
  53  6:01  Mutalisk  
  62  6:08  Spine Crawler  
  62  6:09  Drone  
  62  6:10  Drone x4, Spine Crawler  
  65  6:13  Extractor  
  65  6:15  Extractor  
  63  6:18  Drone  
  63  6:19  Drone  
  63  6:21  Drone x3  
  63  6:22  Drone  
  63  6:23  Drone x2  
  71  6:36  Zerg Flyer Weapons Level 1  
  71  6:37  Corruptor  
  73  6:42  Drone x5  
  73  6:43  Drone x2, Infestation Pit  
  79  6:59  Spore Crawler  
  79  7:00  Mutalisk  
  80  7:02  Overlord x2  
  80  7:13  Overlord  
  80  7:14  Overlord x3  
  80  7:20  Spore Crawler  
  80  7:21  Spore Crawler  
  78  7:24  Drone x4  
  78  7:25  Drone  
  78  7:26  Corruptor x4  
  91  7:34  Hive  
  91  7:37  Extractor  
  91  7:38  Extractor  
  91  7:43  Drone x2  
  91  7:44  Drone x3  
  93  7:45  Queen  
  93  7:47  Drone  
  93  7:48  Mutalisk  
  99  7:54  Corruptor  
  101  8:20  Queen  
  101  8:22  Drone x2  
  101  8:23  Drone x4, Mutalisk, Corruptor  
  101  8:24  Corruptor  
  115  8:45  Drone x2  
  117  8:56  Drone x3  
  120  9:07  Corruptor x3  
  120  9:09  Overseer x2  
  126  9:12  Overlord x6  
  126  9:13  Overlord x6  
  126  9:14  Drone  
  126  9:15  Hatchery  
  126  9:18  Hatchery  
  126  9:22  Hatchery  
  124  9:36  Hatchery, Viper x2  
  124  9:37  Viper  
  124  9:38  Corruptor x3  
  132  9:45  Drone x3  
  140  9:46  Drone x2  
  143  10:00  Drone  
  143  10:01  Drone  
  143  10:05  Drone, Spine Crawler  
  143  10:06  Spine Crawler, Corruptor x3  
  142  10:07  Mutalisk x3  
  154  10:14  Baneling Nest  
  154  10:19  Drone x3  
  154  10:20  Corruptor  
  154  10:21  Corruptor  
  158  10:25  Zerg Flyer Weapons Level 2  
  160  10:44  Corruptor x3  
  160  10:45  Corruptor  
  160  10:46  Zergling x2  
  160  10:47  Zergling x4  
  171  10:52  Viper  
  171  10:55  Zergling x2  
  175  10:58  Baneling  
  175  10:59  Baneling x4  
  175  11:01  Drone x2  
  175  11:02  Drone x10  
  187  11:11  Drone  
  187  11:12  Drone x2  
  187  11:13  Drone  
  187  11:14  Drone x3  
  187  11:18  Spore Crawler  
  193  11:19  Spore Crawler  
  193  11:21  Spore Crawler  
  193  11:22  Spore Crawler  
  193  11:25  Spore Crawler  
  189  11:36  Drone x4  
  189  11:37  Corruptor x3  
  199  11:50  Drone, Spine Crawler  
  199  11:53  Extractor x2, Spine Crawler  
  196  11:55  Spine Crawler, Spore Crawler  
  194  12:09  Centrifical Hooks  
  194  12:14  Evolution Chamber  
  193  12:15  Evolution Chamber  
  193  12:16  Corruptor x4  
  194  13:05  Hatchery  
  188  13:27  Drone x4  
  188  13:28  Drone, Corruptor x3  
  199  13:38  Extractor x2  
  197  13:52  Zerg Flyer Weapons Level 3  
  185  14:22  Corruptor x2  
  185  14:23  Mutalisk x3  
  185  14:24  Mutalisk x7  
  174  14:38  Viper x3  
  174  14:39  Viper  
  186  14:51  Spore Crawler  
  185  14:55  Spore Crawler  
  185  14:56  Spore Crawler  
  185  14:57  Drone x3  
  185  14:58  Spore Crawler x2  
  185  14:59  Spore Crawler  
  183  15:00  Spore Crawler  
  134  15:33  Corruptor x2  
  134  15:34  Corruptor x10  
  134  15:35  Corruptor  
  116  15:36  Corruptor x14  
  142  15:48  Viper x3  
  144  15:50  Viper x3  
  144  15:51  Mutalisk  
  144  15:54  Zergling x2  
  156  15:58  Drone  
  154  16:10  Corruptor, Viper  
  154  16:11  Corruptor x2  
  100  16:53  Spawning Pool  
  80  17:41  Zergling x2  
  80  17:42  Zergling x4  
  83  17:49  Lair  
Show
View Real Time Build Order
Export as new Build Order

Pommesgabel Terran - Winner!

Build Orders: Gas First Reaper Expand 

Get SALT Encoding   

  12  0:00  SCV  
  13  0:12  SCV  
  14  0:18  Supply Depot  
  14  0:25  Refinery  
  14  0:41  Barracks  
  14  0:43  SCV  
  15  0:55  SCV  
  16  1:07  SCV  
  17  1:19  SCV  
  18  1:29  Reaper  
  19  1:37  Command Center  
  19  1:48  Factory  
  19  1:58  Orbital Command  
  19  2:14  Marine  
  20  2:22  Supply Depot  
  20  2:24  SCV  
  21  2:31  Factory Tech Lab  
  21  2:33  Marine  
  21  2:36  SCV  
  23  2:50  Siege Tank  
  25  2:52  Orbital Command  
  25  2:54  SCV  
  26  2:59  Refinery  
  26  3:11  Orbital Command  
  26  3:25  Siege Tank  
  29  3:46  SCV  
  30  3:52  Barracks  
  30  3:54  Barracks  
  30  3:57  Starport  
  30  3:58  SCV x2  
  32  4:11  Siege Tank  
  35  4:19  SCV  
  34  4:43  Starport Reactor, Siege Tank  
  37  5:01  Marine x3  
  40  5:14  Supply Depot  
  40  5:20  Barracks Tech Lab  
  40  5:33  Supply Depot  
  40  5:36  Supply Depot  
  40  5:38  Engineering Bay  
  40  5:39  Medivac  
  40  5:40  Medivac  
  40  5:41  Marauder, Marine x2  
  48  5:50  Refinery  
  48  5:57  Siege Tank, Supply Depot  
  48  5:58  Marine x2  
  53  6:06  Marauder  
  55  6:12  SCV x2  
  55  6:16  Marine x2  
  59  6:24  SCV x2, Supply Depot  
  61  6:29  Marauder  
  63  6:34  Marine x2, Siege Tank  
  63  6:36  SCV  
  69  6:44  Armory  
  69  6:46  Supply Depot  
  69  6:50  SCV x2  
  69  6:51  Marauder  
  69  6:52  Marine x2  
  75  7:02  SCV x2  
  75  7:05  Refinery  
  77  7:09  Supply Depot  
  77  7:14  SCV x2  
  79  7:25  Marine  
  79  7:26  Marauder, Marine  
  83  7:38  Medivac x2  
  83  7:43  Marine  
  83  7:44  Siege Tank  
  91  7:54  Terran Vehicle Weapons Level 1  
  91  7:56  Stimpack  
  91  8:07  Supply Depot  
  71  8:16  Siege Tank  
  74  8:24  Marauder, Marine x2  
  78  8:41  Command Center  
  78  8:42  Marine x2  
  78  8:44  SCV x2  
  78  8:45  Marine  
  83  8:50  Barracks  
  83  8:56  SCV x2, Siege Tank  
  83  8:59  Marine x2  
  90  9:03  Marine  
  90  9:08  SCV x2  
  93  9:17  Marine x2  
  93  9:20  SCV  
  93  9:21  Marine  
  97  9:30  Terran Infantry Weapons Level 1  
  97  9:35  Marine x2  
  97  9:36  Combat Shield  
  99  9:38  Marine  
  99  9:53  Marine  
  99  9:55  Marine x2  
  99  9:57  Marauder, Medivac x2, Siege Tank  
  110  10:11  Marine  
  110  10:13  Marine x2  
  113  10:18  Marine  
  114  10:29  Siege Tank  
  117  10:36  Supply Depot  
  117  10:47  Marine  
  117  10:48  Marauder, Marine x2  
  117  10:49  Medivac  
  124  10:55  Medivac, Supply Depot  
  126  10:57  Terran Vehicle Weapons Level 2  
  126  11:00  Planetary Fortress  
  126  11:01  Siege Tank  
  126  11:03  SCV  
  131  11:04  SCV  
  131  11:05  Marine x2  
  131  11:06  Marine  
  131  11:09  Marauder  
  131  11:11  Supply Depot  
  136  11:15  SCV  
  136  11:16  SCV  
  136  11:18  Supply Depot  
  138  11:24  Terran Infantry Armor Level 1  
  138  11:27  SCV  
  138  11:28  SCV  
  140  11:33  Supply Depot  
  140  11:34  Marauder, Marine x3  
  145  11:45  Concussive Shells  
  145  11:52  Marine x3  
  148  11:55  Marine  
  149  12:04  Missile Turret  
  149  12:10  Marine x3  
  149  12:13  Supply Depot  
  152  12:23  SCV x3  
  155  12:30  Barracks  
  155  12:35  SCV x2  
  157  12:37  Supply Depot  
  150  13:13  Terran Vehicle And Ship Armor Level 1  
  150  13:18  Terran Infantry Weapons Level 2, Supply Depot  
  150  13:24  SCV x2  
  150  13:25  SCV  
  150  13:26  Refinery  
  153  13:31  Command Center  
  153  13:36  SCV  
  153  13:37  SCV  
  153  13:40  Refinery  
  152  14:10  Supply Depot  
  151  14:48  Reaper  
  152  14:59  Orbital Command  
  152  15:09  Marine  
  152  15:10  Marine x3  
  152  15:11  Medivac x2, Siege Tank  
  156  15:27  Marine x2  
  156  15:28  Marine x2  
  117  15:43  Siege Tank  
  117  15:45  Marine x4  
  124  16:03  Marine x4  
  128  16:17  Siege Tank  
  131  16:18  Viking  
  131  16:19  Viking  
  131  16:20  Marine  
  131  16:21  Marine x3  
  139  16:38  Marine  
  139  16:39  Marine x3  
  143  16:40  Command Center  
  143  16:48  Viking  
  143  16:49  Viking, Siege Tank  
  150  16:56  Marine  
  150  16:57  Marine x3  
  150  16:59  Command Center  
  150  17:14  Marine x4  
  154  17:18  Viking  
  154  17:19  Viking  
  154  17:21  Siege Tank  
  161  17:53  Siege Tank  
Show
View Real Time Build Order
Export as new Build Order

Xophy Protoss - Winner!

Build Orders: Nexus First, Oracle Opening, Carriers, Carrier Rush 

Get SALT Encoding   

  12  0:01  Probe  
  13  0:13  Probe  
  14  0:17  Pylon  
  14  0:25  Probe (Chrono Boost)  
  15  0:37  Probe (Chrono Boost)  
  16  0:45  Probe (Chrono Boost)  
  17  0:52  Probe  
  19  1:04  Probe  
  19  1:05  Nexus  
  19  1:16  Probe  
  19  1:18  Assimilator  
  20  1:24  Gateway  
  20  1:28  Probe  
  20  1:32  Assimilator  
  21  1:40  Probe  
  21  1:45  Pylon  
  22  1:52  Probe  
  23  2:04  Probe  
  24  2:16  Probe (Chrono Boost)  
  24  2:17  Cybernetics Core  
  24  2:18  Assimilator  
  24  2:20  Probe (Chrono Boost)  
  26  2:24  Assimilator  
  26  2:28  Probe (Chrono Boost)  
  28  2:30  Probe (Chrono Boost)  
  28  2:31  Pylon  
  28  2:40  Probe x2  
  30  2:53  Probe x2  
  30  2:56  Stargate  
  32  2:58  Stargate  
  32  3:05  Probe x2  
  34  3:16  Protoss Air Weapons Level 1 (Chrono Boost)  
  34  3:17  Probe x2  
  36  3:41  Fleet Beacon  
  36  3:46  Oracle  
  36  3:47  Oracle  
  42  3:49  Probe x2  
  44  4:01  Probe x2  
  46  4:12  Nexus  
  45  4:34  Carrier (Chrono Boost)  
  51  4:38  Probe  
  51  4:39  Probe  
  51  4:42  Pylon  
  51  4:44  Pylon  
  53  4:57  Probe, Carrier (Chrono Boost)  
  54  5:00  Probe  
  61  5:16  Probe  
  61  5:17  Probe  
  63  5:22  Protoss Air Weapons Level 2 (Chrono Boost)  
  60  5:59  Carrier x2  
  60  6:04  Cybernetics Core  
  72  6:06  Probe x3, Stargate  
  72  6:08  Assimilator  
  75  6:18  Probe x3  
  78  6:30  Probe x3  
  78  6:31  Pylon  
  78  6:32  Pylon  
  81  6:34  Pylon  
  81  6:35  Pylon  
  81  6:39  Protoss Air Armor Level 1 (Chrono Boost)  
  81  6:42  Probe x2  
  83  7:01  Carrier (Chrono Boost)  
  83  7:05  Assimilator  
  89  7:13  Carrier (Chrono Boost)  
  89  7:19  Carrier (Chrono Boost)  
  101  7:27  Probe  
  101  7:28  Probe x2  
  104  7:39  Probe  
  104  7:40  Probe x2  
  107  7:46  Pylon  
  107  7:47  Pylon  
  107  7:48  Pylon  
  107  7:50  Pylon  
  107  7:51  Probe, Pylon  
  107  7:52  Probe x2  
  110  7:59  Protoss Air Weapons Level 3 (Chrono Boost)  
  110  8:04  Probe x3  
  113  8:09  Carrier  
  116  8:16  Probe  
  117  8:23  Carrier  
  123  8:30  Probe x2  
  123  8:31  Probe  
  123  8:33  Protoss Air Armor Level 2 (Chrono Boost)  
  125  8:55  Carrier  
  131  9:18  Assimilator  
  131  9:22  Carrier (Chrono Boost)  
  142  9:35  Carrier (Chrono Boost)  
  148  10:06  Carrier (Chrono Boost)  
  148  10:20  Nexus  
  148  10:22  Assimilator  
  148  10:23  Carrier (Chrono Boost)  
  148  10:25  Assimilator  
  148  10:26  Protoss Air Armor Level 3 (Chrono Boost)  
  154  10:33  Pylon  
  154  10:34  Pylon  
  154  10:36  Pylon  
  154  10:37  Pylon  
  154  10:51  Carrier, Pylon  
  154  10:52  Pylon  
  154  10:54  Pylon  
  154  10:55  Pylon  
  160  10:59  Stargate x2  
  160  11:05  Forge  
  160  11:08  Twilight Council  
  160  11:15  Mothership (Chrono Boost)  
  168  11:25  Carrier (Chrono Boost)  
  174  11:35  Protoss Shields Level 1 (Chrono Boost)  
  174  11:49  Void Ray (Chrono Boost)  
  174  11:54  Void Ray x2 (Chrono Boost)  
  186  12:06  Void Ray (Chrono Boost)  
  190  12:19  Void Ray  
  190  12:20  Void Ray  
  186  12:44  Void Ray x3  
  199  13:35  Protoss Shields Level 2 (Chrono Boost)  
  199  13:43  Probe  
  197  14:02  Nexus  
  177  14:27  Void Ray x2  
  177  14:44  Pylon x2  
  177  14:45  Pylon  
  177  14:53  Pylon  
  177  14:54  Pylon  
  177  14:56  Pylon  
  147  16:19  Carrier x4  
  171  17:23  Carrier  
  177  17:46  Carrier  
Tags
 
Add a new tag
Caveats
  • Supply blocks, unpowered buildings, or Contaminate may cause inaccurate times.
  • Supply counts are checked every 10 seconds.